 Dungeon Crawl Stone Soup version 0.31-a0-986-g5e6e4ef867 (webtiles) character file.

Game seed: 8223212406945657923

25869 Whiskey the Metamorph (level 12, -2/111 HPs)
             Began as a Troll Shapeshifter on Nov 4, 2023.
             Was the Champion of Qazlal.
             Slain by a harpy simulacrum (7 damage)
             ... in an ice cave.
             The game lasted 00:28:45 (11617 turns).

Whiskey the Metamorph (Troll Shapeshifter)         Turns: 11617, Time: 00:28:46

Health: -2/111     AC:  7    Str: 25    XL:     12   Next: 93%
Magic:  26/26      EV: 10    Int: 10    God:    Qazlal [******]
Gold:   895        SH: 13    Dex:  9    Spells: 11/11 levels left

rFire   . .          .
                       - Unarmed
rCold   + . .        (shield currently unavailable)
rNeg    . . .        G - +1 robe {Will+}
rPois   .            (helmet restricted)
rElec   .            E - +2 cloak {Stlth+}
rCorr   .            (gloves unavailable)
SInv    +            (boots unavailable)
Will    +....        B - amulet of reflection
Stlth   +            a - ring of see invisible {sInv, !d}
HPRegen 1.18/turn    U - ring of magical power {MP+9}
MPRegen 0.20/turn

%: repel missiles, reflection
@: blade hands, protected from cold
A: large, unfitting armour, (claws 3), regeneration 1, shaggy fur 1, tough skin
1
a: Begin Untransformation, Renounce Religion, Upheaval, Elemental Force,
Disaster Area


You were in an ice cave.
You worshipped Qazlal.
Qazlal was exalted by your worship.
You had blades for hands.
You visited 3 branches of the dungeon, and saw 15 of its levels.
You also visited: Sewer, Ossuary and Ice Cave.

You collected 895 gold pieces.

Inventory:

Hand Weapons
 z - a +1 heavy quarterstaff
   (You found it on level 11 of the Dungeon)
 A - a +2 vampiric demon trident {!w}
   (You took it off a red devil on level 11 of the Dungeon)
 V - the +0 flail of the Bedazzled God {drain, MP-9 Dex+6}
   (You found it on level 13 of the Dungeon)

   Dex+6:     It affects your dexterity (+6).
   MP-9:      It affects your magic capacity (-9).
Missiles
 w - 35 poisoned darts (quivered)
 H - 2 curare-tipped darts
 K - 2 javelins
 M - 2 throwing nets {=f, !d}
Armour
 f - a +0 robe
   (You took it off an orc wizard on level 11 of the Dungeon)
 h - a +0 robe
   (You took it off an orc wizard on level 10 of the Dungeon)
 i - a +0 robe
   (You found it on level 10 of the Dungeon)
 p - a +1 robe of positive energy
   (You took it off an orc wizard on level 7 of the Dungeon)
 D - a +0 kite shield
   (You found it on level 8 of the Dungeon)
 E - a +2 cloak of stealth (worn)
   (You took it off Crazy Yiuf on level 4 of the Dungeon)
 G - a +1 robe of willpower (worn)
   (You took it off a kobold on level 5 of the Dungeon)
Jewellery
 a - a ring of see invisible (left blade hand) {sInv, !d}
   (You found it on level 7 of the Dungeon)
 B - an amulet of reflection (around neck)
   (You took it off a kobold on level 4 of the Dungeon)
 U - a ring of magical power (right blade hand) {MP+9}
   (You found it on level 12 of the Dungeon)
Talismans
 c - a beast talisman
 v - a blade talisman (active)
   (You found it on level 3 of the Dungeon)
 y - a maw talisman
   (You found it on level 10 of the Dungeon)
 N - a serpent talisman
   (You found it on level 12 of the Dungeon)
Wands
 d - a wand of polymorph (12)
   (You found it on level 7 of the Dungeon)
 r - a wand of quicksilver (7)
   (You found it on level 2 of the Dungeon)
 t - a wand of iceblast (2)
   (You found it on level 8 of the Dungeon)
 O - a wand of digging (3)
   (You found it on level 12 of the Dungeon)
 S - a wand of paralysis (4)
   (You found it in an ossuary)
 W - a wand of flame (14)
   (You found it on level 13 of the Dungeon)
Scrolls
 e - a scroll of fog {unknown}
 g - 3 scrolls of fear
 k - 6 scrolls of poison
 l - 2 scrolls of blinking {unknown}
 m - 6 scrolls of teleportation {unknown}
 o - 3 scrolls of amnesia {unknown}
 s - a scroll of enchant weapon {unknown}
 u - a scroll of acquirement {unknown}
 x - 4 scrolls of summoning {unknown}
 P - a scroll of enchant armour {unknown}
 Q - 14 scrolls of identify
 R - a scroll of silence {unknown}
Potions
 b - 4 potions of lignification {!q}
 j - 4 potions of brilliance
 n - 3 potions of resistance
 q - 6 potions of enlightenment
 C - 2 potions of mutation {unknown}
 I - 3 potions of degeneration {unknown}
 J - a potion of berserk rage {unknown}
 T - 2 potions of cancellation {unknown}
 X - 2 potions of magic {unknown}
Miscellaneous
 F - a lightning rod (4/4)
   (You found it on level 11 of the Dungeon)


   Skills:
 - Level 5.0 Fighting
 - Level 4.1 Dodging
 + Level 10.3 Unarmed Combat
 - Level 8.0 Invocations
 * Level 15.1 Shapeshifting


You had 11 spell levels left.
You didn't know any spells.
Your spell library contained the following spells:

 Spells                   Type           Power      Damage    Failure   Level
 Apportation              Tloc           0%         N/A       36%         1
 Necrotise                Necr           0%         1d4       36%         1
 Slow                     Hex            0%         N/A       36%         1
 Poisonous Vapours        Pois/Air       0%         N/A       50%         2
 Frozen Ramparts          Ice            0%         1d1       75%         3
 Mephitic Cloud           Conj/Pois/Air  0%         N/A       75%         3
 Animate Armour           Summ/Erth      0%         N/A       98%         4
 Leda's Liquefaction      Hex/Erth       0%         N/A       98%         4
 Petrify                  Tmut/Erth      0%         N/A       98%         4
 Summon Lightning Spire   Summ/Air       0%         N/A       98%         4
 Vhi's Electric Charge    Tloc/Air       0%         N/A       98%         4
 Arcjolt                  Conj/Air       0%         1d10      100%        5
 Freezing Cloud           Conj/Ice/Air   0%         6-21      100%        5
 Lee's Rapid Deconstruct  Erth           0%         3d4*      100%        5
 Metabolic Englaciation   Hex/Ice        0%         N/A       100%        5
 Bombard                  Conj/Erth      0%         9d1       100%        6
 Plasma Beam              Fire/Air       0%         2x1d10    100%        6


Dungeon Overview and Level Annotations

Branches:
Dungeon (13/15)            Temple (1/1) D:4            Lair (0/5) D:8
    Orc (1/2) D:9           Sewer (visited)         Ossuary (visited)
  IceCv (1/1)
 Vaults: D:13-14

Altars:
Ashenzari
Cheibriados
Dithmenos
Elyvilon
Fedhas
Gozag
Hepliaklqana
Kikubaaqudgha
Makhleb
Nemelex Xobeh
Okawaru
Qazlal
Ru
Sif Muna
Trog
Uskayaw
Vehumet
Wu Jian
Xom
Yredelemnul
Zin
The Shining One

Shops:
D:1 =   D:4 ?   D:6 !   D:7 ?

Annotations:
D:10 3 runed translucent doors


Innate Abilities, Weirdness & Mutations

You have blades for hands.
You are incapable of wielding weapons or throwing items.
You are too large for most types of armour.
((You have claws for hands.))
Your natural rate of healing is unusually fast.
You are covered in fur. (AC +1)
You have tough skin. (AC +1)


Message History

The anaconda simulacrum bites you. The anaconda simulacrum freezes you!
You feel protected from cold.
You take 13 damage, and have 62/111 hp.
You slice the anaconda simulacrum!! You slash the anaconda simulacrum!
Qazlal accepts your kill.
No target in view!
Your protection from cold is fading.
You feel less protected from cold.
A polar bear simulacrum comes into view.
You regained 24 hp, and now have 87/111 hp.
You slash the polar bear simulacrum! x2
You block the polar bear simulacrum's attack. x2
The polar bear simulacrum barely misses you.
You barely miss the polar bear simulacrum.
You slice the polar bear simulacrum!! Qazlal accepts your kill.
No target in view!
A polar bear simulacrum comes into view.
Health restored: 111 The polar bear simulacrum barely misses you. x2
You block the polar bear simulacrum's attack.
You slice the polar bear simulacrum!! Qazlal accepts your kill.
No target in view!
An anaconda simulacrum comes into view.
You closely miss the anaconda simulacrum.
The anaconda simulacrum grabs you.
You block the anaconda simulacrum's attack.
The anaconda simulacrum constricts you.
You take 2 damage, and have 109/111 hp.
You closely miss the anaconda simulacrum.
You block the anaconda simulacrum's attack.
The anaconda simulacrum constricts you. The anaconda simulacrum bites you.
The anaconda simulacrum freezes you!
You feel protected from cold. The anaconda simulacrum constricts you.
You take 20 damage, and have 89/111 hp.
You completely miss the anaconda simulacrum.
You block the anaconda simulacrum's attack.
The anaconda simulacrum constricts you.
You take 2 damage, and have 87/111 hp.
You slice the anaconda simulacrum!! The anaconda simulacrum bites you.
The anaconda simulacrum freezes you! You resist.
The anaconda simulacrum constricts you.
An ice devil comes into view.
You take 19 damage, and have 68/111 hp.
You slash the anaconda simulacrum! Qazlal accepts your kill.
The ice devil hits you but does no damage.
You slice the ice devil!! The ice devil hits you! The ice devil freezes you.
You resist.
You feel more protected from cold.
You take 13 damage, and have 57/111 hp.
You hit the ice devil. You block the ice devil's attack.
You slice the ice devil!!
You kill the ice devil!
Qazlal accepts your kill.
A harpy simulacrum comes into view.
The harpy simulacrum claws you. The harpy simulacrum freezes you! You resist.
You feel more protected from cold.
You block the harpy simulacrum's attack.
You take 11 damage, and have 47/111 hp.
You are too injured to fight recklessly!
You are too injured to fight recklessly!
You are too injured to fight recklessly!
You slash the harpy simulacrum! The harpy simulacrum claws you.
The harpy simulacrum freezes you! You resist.
You feel more protected from cold.
The harpy simulacrum closely misses you.
The harpy simulacrum claws you.
* * * LOW HITPOINT WARNING * * *
The harpy simulacrum freezes you. You resist.
* * * LOW HITPOINT WARNING * * *
You block the harpy simulacrum's attack.
You take 23 damage, and have 24/111 hp.
MASSIVE DAMAGE!!
You barely miss the harpy simulacrum.
The harpy simulacrum claws you but does no damage.
The harpy simulacrum claws you.
* * * LOW HITPOINT WARNING * * *
The harpy simulacrum freezes you. You resist.
* * * LOW HITPOINT WARNING * * *
You take 9 damage, and have 15/111 hp.
You barely miss the harpy simulacrum.
You slash the harpy simulacrum, but do no damage.
The harpy simulacrum claws you but does no damage.
You block the harpy simulacrum's attack.
The harpy simulacrum barely misses you.
You block the harpy simulacrum's attack.
A dire elephant simulacrum comes into view.
The harpy simulacrum claws you but does no damage.
The harpy simulacrum claws you.
* * * LOW HITPOINT WARNING * * *
The harpy simulacrum freezes you! You resist.
* * * LOW HITPOINT WARNING * * *
You take 11 damage, and have 4/111 hp.
Okay, then.
Activating: Disaster Area (14% risk of failure)
Press: ? - help, Dir - look around, f - activate You fail to use your ability.
The harpy simulacrum claws you!
You die...

####...### ###...#
##....#
##........###....##
###..#
##...............##
##...#
#.............####
###...##
#............##
###...###
##..........##
###...###
##.#....#.##
###....##
####..####
##....### #..##
#.@.### ##..##
#.Z### ##..# ##Z
##...# ## ##...##
#...## #...##
##...# ##...##


You could see a dire elephant simulacrum and a harpy simulacrum.

Vanquished Creatures
  3 vault guards
  A centaur warrior (D:13)
  2 two-headed ogres (D:11)
  A boulder beetle (D:10)
  An arcanist (D:13)
  Pikel (D:7)
  A deep elf pyromancer (D:10)
  3 ugly things
  A cyclops (D:12)
  A manticore (D:11)
  Maurice (D:10)
  5 orange demons (D:11)
  A gargoyle (D:11)
  An efreet (D:13)
  A freezing wraith (IceCv)
  An unseen horror zombie (D:8)
  3 red devils (D:11)
  2 anaconda simulacra (IceCv)
  4 ice devils (IceCv)
  3 trolls
  A hornet (D:8)
  4 slime creatures (D:11)
  4 shadows
  Eustachio (D:4)
  6 yaks
  4 wyverns
  2 death yak simulacra (IceCv)
  A vampire (D:6)
  A basilisk (D:8)
  19 humans (D:13)
  A steam dragon (D:8)
  2 vampire mosquitoes (D:12)
  2 hydra simulacra (IceCv)
  3 orc warriors
  2 ogres (D:4)
  5 black bears
  3 centaurs
  A lemure (D:7)
  3 phantoms
  4 kobold brigands
  An elf zombie (Ossuary)
  2 bullfrogs (D:7)
  A gnoll sergeant (D:10)
  2 necrophages (D:8)
  4 two-headed ogre simulacra
  4 cane toad simulacra (IceCv)
  3 scorpions
  4 wights (D:8)
  2 elephant simulacra (IceCv)
  4 troll zombies (D:9)
  26 killer bees
  5 howler monkeys
  A crimson imp (D:5)
  2 centaur zombies (D:8)
  A human zombie (D:8)
  A gnoll bouda (D:6)
  2 hounds (D:5)
  2 jellies (D:5)
  11 orc priests
  Crazy Yiuf (D:4)
  3 sleepcaps
  12 orc wizards
  3 iguanas
  A spriggan simulacrum (D:13)
  4 polar bear simulacra
  A wolf simulacrum (IceCv)
  A killer bee zombie (D:8)
  3 troll simulacra
  4 ogre zombies (D:9)
  A hound zombie (Ossuary)
  6 mummies
  5 adders
  18 gnolls
  3 river rats (Sewer)
  2 naga simulacra
  3 white imps
  An adder zombie (Ossuary)
  2 worms (D:2)
  2 dart slugs
  29 orcs
  6 endoplasms
  4 giant cockroaches
  5 hobgoblins
  6 jackals
  19 kobolds
  8 quokkas
  3 ball pythons
  4 bats
  4 frilled lizards
  4 gnoll skeletons (D:9)
  6 gnoll zombies
  7 goblins
  A goblin zombie (Ossuary)
  3 jackal zombies (Ossuary)
  A kobold zombie (Ossuary)
  An orc skeleton (D:9)
  18 orc zombies
  6 rats
395 creatures vanquished.

Notes
Turn   | Place    | Note
-------+----------+-------------------------------------------
     0 | D:1      | Whiskey the Troll Shapeshifter began the quest for the Orb.
     0 | D:1      | Reached XP level 1. HP: 18/18 MP: 0/0
    26 | D:1      | Reached skill level 1 in Fighting
    54 | D:1      | Found a faded altar of an unknown god.
    60 | D:1      | Reached XP level 2. HP: 26/27 MP: 1/1
   138 | D:1      | Found Tuj Ymep's One-of-a-Kind Rings.
   305 | D:1      | Reached XP level 3. HP: 33/33 MP: 2/2
   768 | D:2      | HP: 7/33 [gnoll/+0 spear (4)]
   770 | D:2      | HP: 3/33 [gnoll/+0 spear (6)]
   840 | D:2      | Reached skill level 4 in Shapeshifting
   840 | D:2      | Reached XP level 4. HP: 42/42 MP: 3/3
  2058 | D:3      | Reached skill level 2 in Fighting
  2367 | D:4      | Found a staircase to the Ecumenical Temple.
  2379 | Temple   | Entered the Ecumenical Temple
  2455 | Temple   | Became a worshipper of Qazlal Stormbringer
  2638 | D:4      | Noticed a scorpion
  2641 | D:4      | Killed a scorpion
  2642 | D:4      | Reached XP level 5. HP: 42/49 MP: 4/4
  2732 | D:4      | Noticed an ogre
  2736 | D:4      | Reached skill level 4 in Unarmed Combat
  2740 | D:4      | Killed an ogre
  2741 | D:4      | Reached skill level 5 in Shapeshifting
  2741 | D:4      | Reached XP level 6. HP: 26/59 MP: 5/5
  2938 | D:4      | Found Veifuaf's Magic Scroll Shop.
  2963 | D:4      | Noticed Eustachio
  3008 | D:4      | Killed Eustachio
  3009 | D:4      | Reached skill level 3 in Fighting
  3009 | D:4      | Reached XP level 7. HP: 27/67 MP: 6/6
  3242 | D:4      | Found a runed translucent door.
  3243 | D:4      | Noticed Crazy Yiuf
  3413 | D:4      | Killed Crazy Yiuf
  3485 | D:5      | Entered Level 5 of the Dungeon
  3518 | D:5      | Reached skill level 6 in Shapeshifting
  3613 | D:5      | Reached skill level 5 in Unarmed Combat
  3689 | D:5      | Reached * piety under Qazlal
  3959 | D:5      | Reached XP level 8. HP: 76/78 MP: 7/7
  4054 | D:5      | Reached skill level 7 in Shapeshifting
  4063 | D:5      | Reached skill level 4 in Fighting
  4125 | D:5      | Found a radiant altar of Vehumet.
  4126 | D:5      | Found a burning altar of Makhleb.
  4204 | D:6      | Identified the "Kisagin"
  4225 | D:6      | Found a glowing drain.
  4230 | Sewer    | Entered a sewer
  4285 | Sewer    | Reached skill level 6 in Unarmed Combat
  4288 | Sewer    | Reached ** piety under Qazlal
  4316 | Sewer    | Found a white marble altar of Elyvilon.
  4545 | D:6      | Found a sand-covered staircase.
  4557 | Ossuary  | Entered an ossuary
  4595 | Ossuary  | Reached skill level 8 in Shapeshifting
  4951 | D:6      | Found Kilyoph's Distillery.
  5078 | D:6      | Found an ornate altar of the Wu Jian Council.
  5082 | D:6      | Reached XP level 9. HP: 85/85 MP: 8/8
  5290 | D:6      | Reached skill level 9 in Shapeshifting
  5501 | D:7      | Noticed Pikel
  5510 | D:7      | Killed Pikel
  5656 | D:7      | Reached *** piety under Qazlal
  5657 | D:7      | Reached skill level 10 in Shapeshifting
  5986 | D:7      | Reached skill level 11 in Shapeshifting
  6171 | D:7      | Reached XP level 10. HP: 42/94 MP: 9/9
  6238 | D:7      | Found Xekkiz's Magic Scroll Shoppe.
  6449 | D:8      | HP: 21/94 [killer bee (7)]
  6457 | D:8      | HP: 10/94 [basilisk (16)]
  6460 | D:8      | Reached skill level 5 in Fighting
  6463 | D:8      | HP: 23/96 [killer bee (5)]
  6467 | D:8      | HP: 4/96 [killer bee (8)]
  6476 | D:8      | HP: 19/96 [wyvern (9)]
  6481 | D:8      | HP: 19/96 [poisoned by a killer bee]
  6613 | D:8      | HP: 21/96 [wyvern (12)]
  6614 | D:8      | Reached **** piety under Qazlal
  6615 | D:8      | Reached skill level 7 in Unarmed Combat
  6783 | D:8      | Reached skill level 12 in Shapeshifting
  6943 | D:8      | Found a staircase to the Lair.
  7084 | D:8      | Found a basalt altar of Yredelemnul.
  7299 | D:9      | Reached skill level 1 in Invocations
  7332 | D:9      | Reached ***** piety under Qazlal
  7335 | D:9      | Reached skill level 2 in Dodging
  7335 | D:9      | HP: 24/96 [orc priest/divine providence (8)]
  7474 | D:9      | Reached skill level 2 in Invocations
  7611 | D:9      | Found a staircase to the Orcish Mines.
  8024 | Gauntlet | Identified the "Zythiog"
  8024 | Gauntlet | Identified the "Buenyk"
  8024 | Orc:1    | Entered Level 1 of the Orcish Mines
  8179 | D:10     | Entered Level 10 of the Dungeon
  8202 | D:10     | Reached XP level 11. HP: 102/102 MP: 11/11
  8206 | D:10     | Reached skill level 8 in Unarmed Combat
  8331 | D:10     | Found an ancient bone altar of Kikubaaqudgha.
  8427 | D:10     | Reached skill level 3 in Invocations
  8505 | D:10     | Noticed Maurice
  8508 | D:10     | Maurice stole a blade talisman
  8510 | D:10     | Killed Maurice
  8515 | D:10     | Found a runed translucent gate.
  8515 | D:10     | Noticed a death yak
  8515 | D:10     | Noticed a death yak
  8516 | D:10     | Found a runed translucent gate.
  8516 | D:10     | Found a runed translucent gate.
  8684 | D:10     | Reached skill level 13 in Shapeshifting
  9071 | D:11     | Noticed a green ugly thing
  9071 | D:11     | Noticed a brown ugly thing
  9076 | D:11     | Noticed a deep elf pyromancer
  9081 | D:10     | Killed a green ugly thing
  9089 | D:10     | Killed a green ugly thing
  9090 | D:10     | Reached skill level 3 in Dodging
  9090 | D:10     | Reached skill level 4 in Invocations
  9110 | D:10     | Killed a deep elf pyromancer
  9134 | D:11     | Noticed a boulder beetle
  9164 | D:10     | Killed a boulder beetle
  9226 | D:11     | Noticed a two-headed ogre
  9234 | D:11     | Killed a two-headed ogre
  9293 | D:11     | Reached skill level 5 in Invocations
  9347 | D:11     | HP: 19/102 [red devil/+2 vampiric demon trident (19)]
  9353 | D:11     | HP: 22/102 [orange demon (4)]
  9356 | D:11     | HP: 10/102 [poisoned by an orange demon]
  9363 | D:11     | HP: 20/102 [manticore (11)]
  9896 | D:11     | Noticed a red ugly thing
  9905 | D:11     | Killed a red ugly thing
  9906 | D:11     | Reached skill level 4 in Dodging
  9984 | D:11     | Noticed a two-headed ogre
  9989 | D:11     | Killed a two-headed ogre
  9990 | D:11     | Reached skill level 9 in Unarmed Combat
  9990 | D:11     | Reached skill level 6 in Invocations
  9990 | D:11     | Reached XP level 12. HP: 111/111 MP: 15/15
 10287 | D:12     | Found the +18 Lear's hauberk
 10456 | D:12     | Reached skill level 14 in Shapeshifting
 10718 | D:13     | Found a frozen archway.
 10846 | D:13     | Identified the +0 flail of the Bedazzled God {drain, MP-9
                  | Dex+6}
 10969 | D:13     | Noticed a vault guard
 11015 | D:13     | Reached skill level 7 in Invocations
 11025 | D:13     | Killed a vault guard
 11042 | D:13     | Noticed a vault guard
 11045 | D:13     | Noticed a centaur warrior
 11063 | D:13     | Killed a vault guard
 11067 | D:13     | Killed a centaur warrior
 11115 | D:13     | Noticed a vault guard
 11130 | D:13     | HP: 2/104 [necromancer/bolt of negative energy (43)]
 11215 | D:12     | Killed a vault guard
 11216 | D:12     | Reached skill level 8 in Invocations
 11259 | IceCv    | Entered an ice cave
 11265 | IceCv    | Reached ****** piety under Qazlal
 11276 | IceCv    | Reached skill level 10 in Unarmed Combat
 11442 | IceCv    | Reached skill level 15 in Shapeshifting
 11614 | IceCv    | HP: 24/111 [harpy simulacrum (5)]
 11616 | IceCv    | HP: 4/111 [harpy simulacrum (10)]
 11617 | IceCv    | Slain by a harpy simulacrum

Illustrated notes

Levels and vault maps discovered:
D:1:      ncdulo_lavacross, layout_rooms, basic_ecumenical_altar,
          hangedman_decor_lopped, nicolae_shop_unique_rings, minmay_3d_cube
D:2:      wad_woods_settlement, layout_basic
D:3:      layout_basic
D:4:      layout_loops_cross, minmay_temple_entry_wispy, nrook_mini_backslash,
          minmay_shop_grid_forest, uniq_eustachio, uniq_crazy_yiuf_cottage
D:5:      layout_basic, grunt_temple_overflow_lords_of_destruction
D:6:      layout_basic, mainiacjoe_overflow_paths, gup_ossuary_entry_pyramid,
          serial_shops, kennysheep_mini,
          mainiacjoe_sewer_entry_somewhere_in_here_2
D:7:      kb_forest_paths, layout_loops_ring, serial_shops, nicolae_square_shop,
          uniq_pikel
D:8:      layout_gridville, lemuel_mausoleum_altar_yredelemnul,
          david_lair_generic
D:9:      layout_cross, zombieorc2_lemuel
D:10:     lemuel_bear_cage, layout_stronghold, kiku_gazebo_garden_becter,
          uniq_maurice
D:11:     layout_rooms, st_stairs_13, minmay_beelzebubs_servants
D:12:     layout_loops_ring
D:13:     layout_gridville, grunt_vaults_entry_tiered,
          portal_ice_cave_entry_ice_simulacra, uniq_rupert
Temple:   minmay_crystal_spiral_temple
Orc:1:    layout_caves, serial_shops, nicolae_shop_overgrown_old_shop
IceCv:    ice_cave_small_necro

Skill      XL: |  1  2  3  4  5  6  7  8  9 10 11 12 |
---------------+-------------------------------------+-----
Fighting       | 1 2 3 4 5 |  5.0
Shapeshifting  | 4 5 6 8 11 12 13 15 | 15.1
Unarmed Combat | 4 5 6 7 9 10 | 10.3
Invocations    | 2 6 8 |  8.0
Dodging        | 2 4 |  4.1

Action                     |  1- 3 |  4- 6 |  7- 9 | 10-12 || total
---------------------------+-------+-------+-------+-------++-------
  Melee: Unarmed           |    99 |   107 |   345 |   504 ||  1055
         Punch             |     1 |     2 |    10 |    23 ||    36
 Invoke: Upheaval          |       |       |       |     3 ||     3
  Evoke: Wand              |       |       |       |    10 ||    10
    Use: Scroll            |       |       |     7 |       ||     7
         Potion            |       |       |     1 |     6 ||     7
   Stab: Sleeping          |     1 |     1 |       |       ||     2
         Distracted        |       |     1 |       |       ||     1
 Armour: Animal skin       |    73 |    88 |    28 |       ||   189
         Robe              |       |       |   144 |   338 ||   482
  Dodge: Dodged            |    47 |    52 |   102 |   188 ||   389
         Repelled          |       |       |       |     1 ||     1
  Block: Other             |       |    13 |   107 |   276 ||   396
         Reflection        |       |       |     2 |     8 ||    10
   Form: Blade             |       |       |     1 |     1 ||     2
         Flux              |       |       |     1 |       ||     1
         Beast             |       |       |     1 |       ||     1

Table legend: (Time is in decaauts)
 A = Elapsed time spent in this place.
 B = Non-inter-level travel time spent in this place.
 C = Inter-level travel time spent in this place.
 D = Time resting spent in this place.
 E = Time spent auto-exploring this place.
 F = Levels seen in this place.
 G = Mean time per level.
                   A        B        C        D        E       F      G
               +--------+--------+--------+--------+--------+-----+--------+
         Total |  11504 |  11019 |    485 |    726 |   7762 |  18 |  639.1 |
       Dungeon |  10570 |  10244 |    326 |    611 |   7357 |  13 |  813.1 |
        Temple |    152 |      2 |    150 |      0 |      0 |   1 |  152.0 |
  Orcish Mines |    102 |     93 |      9 |      0 |     73 |   1 |  102.0 |
         Sewer |    156 |    156 |      0 |      0 |    109 |   1 |  156.0 |
       Ossuary |    175 |    175 |      0 |      0 |     96 |   1 |  175.0 |
      Ice Cave |    345 |    345 |      0 |    115 |    127 |   1 |  345.0 |
               +--------+--------+--------+--------+--------+-----+--------+

Top non-repeatable levels by time:
     D:2: 1027 daAuts
    D:10: 1003 daAuts
     D:4: 965 daAuts
     D:6: 937 daAuts
     D:7: 936 daAuts
     D:8: 861 daAuts
    D:11: 857 daAuts
     D:3: 843 daAuts
     D:9: 748 daAuts
    D:12: 728 daAuts
     D:5: 714 daAuts
     D:1: 481 daAuts
    D:13: 464 daAuts
   IceCv: 345 daAuts
 Ossuary: 175 daAuts

Levels and vault maps discovered:
D:1:      ncdulo_lavacross, layout_rooms, basic_ecumenical_altar,
          hangedman_decor_lopped, nicolae_shop_unique_rings, minmay_3d_cube
D:2:      wad_woods_settlement, layout_basic
D:3:      layout_basic
D:4:      layout_loops_cross, minmay_temple_entry_wispy, nrook_mini_backslash,
          minmay_shop_grid_forest, uniq_eustachio, uniq_crazy_yiuf_cottage
D:5:      layout_basic, grunt_temple_overflow_lords_of_destruction
D:6:      layout_basic, mainiacjoe_overflow_paths, gup_ossuary_entry_pyramid,
          serial_shops, kennysheep_mini,
          mainiacjoe_sewer_entry_somewhere_in_here_2
D:7:      kb_forest_paths, layout_loops_ring, serial_shops, nicolae_square_shop,
          uniq_pikel
D:8:      layout_gridville, lemuel_mausoleum_altar_yredelemnul,
          david_lair_generic
D:9:      layout_cross, zombieorc2_lemuel
D:10:     lemuel_bear_cage, layout_stronghold, kiku_gazebo_garden_becter,
          uniq_maurice
D:11:     layout_rooms, st_stairs_13, minmay_beelzebubs_servants
D:12:     layout_loops_ring
D:13:     layout_gridville, grunt_vaults_entry_tiered,
          portal_ice_cave_entry_ice_simulacra, uniq_rupert
Temple:   minmay_crystal_spiral_temple
Orc:1:    layout_caves, serial_shops, nicolae_shop_overgrown_old_shop
IceCv:    ice_cave_small_necro

Table legend: (Time is in decaauts)
 A = Elapsed time spent in this place.
 B = Non-inter-level travel time spent in this place.
 C = Inter-level travel time spent in this place.
 D = Time resting spent in this place.
 E = Time spent auto-exploring this place.
 F = Levels seen in this place.
 G = Mean time per level.
                   A        B        C        D        E       F      G
               +--------+--------+--------+--------+--------+-----+--------+
         Total |  11504 |  11019 |    485 |    726 |   7762 |  18 |  639.1 |
       Dungeon |  10570 |  10244 |    326 |    611 |   7357 |  13 |  813.1 |
        Temple |    152 |      2 |    150 |      0 |      0 |   1 |  152.0 |
  Orcish Mines |    102 |     93 |      9 |      0 |     73 |   1 |  102.0 |
         Sewer |    156 |    156 |      0 |      0 |    109 |   1 |  156.0 |
       Ossuary |    175 |    175 |      0 |      0 |     96 |   1 |  175.0 |
      Ice Cave |    345 |    345 |      0 |    115 |    127 |   1 |  345.0 |
               +--------+--------+--------+--------+--------+-----+--------+

Top non-repeatable levels by time:
     D:2: 1027 daAuts
    D:10: 1003 daAuts
     D:4: 965 daAuts
     D:6: 937 daAuts
     D:7: 936 daAuts
     D:8: 861 daAuts
    D:11: 857 daAuts
     D:3: 843 daAuts
     D:9: 748 daAuts
    D:12: 728 daAuts
     D:5: 714 daAuts
     D:1: 481 daAuts
    D:13: 464 daAuts
   IceCv: 345 daAuts
 Ossuary: 175 daAuts

Table legend:
 A = Kills in this place as a percentage of kills in the entire game.
 B = Kills by you in this place as a percentage of kills by you in the entire game.
 C = Kills by friends in this place as a percentage of kills by friends in the entire game.
 D = Other kills in this place as a percentage of other kills in the entire game.
 E = Experience gained in this place as a percentage of experience gained in the entire game.
 F = Experience gained in this place divided by the number of levels of this place that you have seen.
                   A       B       C       D       E      F
               +-------+-------+-------+-------+-------+----------------------
         Total | 100.0 | 100.0 |   N/A |   N/A | 100.0 | 2053.2
       Dungeon |  86.0 |  86.0 |   N/A |   N/A |  88.0 | 2502.6
  Orcish Mines |   0.8 |   0.8 |   N/A |   N/A |   0.5 | 198.0
         Sewer |   2.5 |   2.5 |   N/A |   N/A |   0.7 | 242.0
       Ossuary |   4.1 |   4.1 |   N/A |   N/A |   0.6 | 206.0
      Ice Cave |   6.6 |   6.6 |   N/A |   N/A |  10.2 | 3777.0
               +-------+-------+-------+-------+-------+----------------------
